[Event "Late-Titled-Tuesday-Blitz-September-26-2023"]
[Site "Chess.com"]
[Date "2023.09.26"]
[Round "2"]
[White "dropstoneDP"]
[Black "HamedWafa4"]
[Result "1-0"]
[WhiteElo "3109"]
[BlackElo "2646"]
[TimeControl "180+1"]
[EndTime "14:18:42 PDT"]
[Termination "dropstoneDP won by resignation"]

1. e4 e5 2. Nf3 Nc6 3. Bb5 a6 4. Ba4 Nf6 5. O-O Be7 6. Re1 b5 7. Bb3 O-O 8. c3 d5 9. exd5 Nxd5 10. Nxe5 Nxe5 11. Rxe5 Nf6 12. d4 Bd6 13. Re1 Ng4 14.
h3 Bh2+ 15. Kf1 Nxf2 16. Qf3 Nh1 17. Bf4 Bb7 18. d5 Bxf4 19. Qxf4 g5 20. Qe5 Re8 21. Qxe8+ Qxe8 22. Rxe8+ Rxe8 23. Nd2 Ng3+ 24. Kf2 Re2+ 25. Kxg3 Rxd2 26. c4 bxc4 27. Bxc4 Bxd5 28. Bxd5 Rxd5 29. Rc1 Rd2 30. Rxc7 Rxb2 31. Rc5 Rb5 32. Rc4 Ra5 33. a4 Kg7 34. h4 h6 35. hxg5 hxg5 36. Kf3 Kg6 37. g4 f6 38. Ke4 Re5+ 39. Kd4 Re1 40. Kc5 f5 41. gxf5+ Kxf5 42. Rb4 g4 43. Rb8 Kf4 44.
Rf8+ Kg3 45. Rf6 a5 46. Rf5 Re8 47. Kb6 Kh4 48. Kxa5 g3 49. Rf7 Rg8 50. Rf1 Kh3 51.
Rg1 Kh2 52. Rxg3 Kxg3 53. Kb6 Kf4 54. a5 Ke5 55. a6 Rg6+ 56. Kb7 Rg7+ 57. Kb6 Rg6+ 58.
Kb7 Kd5 59. a7 Rg7+ 60. Kb6 Rg8 61. Kb7 Kc5 62. a8=Q Rg7+ 63. Ka6 Rg6+ 64. Ka5 Rd6 65. Qf8 Kd5 66. Kb5 Re6 67. Qf3+ Kd6 68. Kc4 Re5 69.
Qf6+ Re6 70. Qd8+ Ke5 71. Qg5+ Kd6 72. Kd4 Re7 73. Qf6+ Re6 74. Qd8+ Kc6 75. Qd5+ 1-0

[Event "Late-Titled-Tuesday-Blitz-September-26-2023"]
[Site "Chess.com"]
[Date "2023.09.26"]
[Round "2"]
[White "Lennis93"]
[Black "HajiyevKanan"]
[Result "1/2-1/2"]
[WhiteElo "2725"]
[BlackElo "2511"]
[TimeControl "180+1"]
[EndTime "14:18:43 PDT"]
[Termination "Game drawn by repetition"]

1. Nf3 d5 2. c4 c6 3. e3 Nf6 4.
Nc3 g6 5. d4 Bg7 6. Be2 O-O 7.
O-O Ne4 8. Nxe4 dxe4 9. Nd2 f5 10. f3 exf3 11. Bxf3 e5 12. Nb3 a5 13. a4 Na6 14.
Bd2 Nb4 15. Bc3 e4 16. Be2 Be6 17. Qd2 Qe7 18. Nxa5 Nd3 19. Bxd3 exd3 20. Bb4 Qc7 21. Qxd3 Rxa5 22. Bxa5 Qxa5 23. b3 Rd8 24. Rad1 Qb4 25. Rf3 b5 26. axb5 cxb5 27. d5 Bf7 28. e4 bxc4 29. bxc4 Qc5+ 30. Kh1 fxe4 31. Qxe4 Re8 32. Qf4 Qe7 33. h3 Be5 34. Qe3 Bd6 35. Qf2 Qe5 36.
g3 Qe7 37. Rf1 Bc5 38. Rxf7 Qe4+ 39. Qf3 Qxc4 40. Rg7+ Kxg7 41. Qf7+ Kh6 42. h4 Re2 43. Qf4+ Qxf4 44. Rxf4 Rd2 45. Rf7 Rxd5 46. g4 g5 47. h5 Bd4 48. Kg2 Bg7 49. Kf3 Re5 50. Rb7 Re6 51. Rb5 Rf6+ 52. Kg3 Rf4 53. Rb6+ Bf6 54. Rc6 Kg7 55. Rc7+ Kh6 56. Rc6 Rf1 57. Rc7 Rf4 58. Rc6 1/2-1/2

[Event "Late-Titled-Tuesday-Blitz-September-26-2023"]
[Site "Chess.com"]
[Date "2023.09.26"]
[Round "2"]
[White "dadice10"]
[Black "whitemirrorninja"]
[Result "0-1"]
[WhiteElo "2241"]
[BlackElo "2468"]
[TimeControl "180+1"]
[EndTime "14:18:48 PDT"]
[Termination "whitemirrorninja won on time"]

1. e4 c5 2. Nc3 a6 3. Nge2 e6 4.
g3 b5 5. Bg2 Bb7 6. d4 cxd4 7. Nxd4 Nc6 8. O-O Rc8 9. Nxc6 Bxc6 10.
Re1 Nf6 11. Bg5 Bc5 12. e5 h6 13. exf6 hxg5 14. fxg7 Rg8 15. Ne4 Bxe4 16. Bxe4 Qf6 17. Qf3 Qxb2 18. Bd3 Qxg7 19. Qb7 Ke7 20. Qxa6 Qd4 21.
Rf1 Rb8 22. Rad1 Rb6 23. Qa5 Qb4 24. Qxb4 Bxb4 25. Rb1 Bd6 26. Rxb5 Rc6 27. c4 f5 28. Re1 Kf6 29. Rb7 Bc7 30. Rd1 Ra8 31. Bb1 Ke7 32. Rb4 Bd6 33. Rb7 Rxc4 34. Bd3 Rd4 35. Rxd7+ Kxd7 36. Bb5+ Ke7 37. Rxd4 Rxa2 38. Rd1 Bc5 39.
Rf1 Rb2 40. Bc4 Kf6 41. Kg2 e5 42. Kf3 e4+ 43. Kg2 e3 44. Kf3 g4+ 45. Kg2 exf2 46. Bd3 Rd2 47. Bb1 Ke5 48. h3 gxh3+ 49. Kxh3 Re2 50.
Kg2 Re1 51. Bd3 Kf6 52. Bb1 Kg5 53. Bd3 Re3 54. Bc2 Rc3 0-1

[Event "Late-Titled-Tuesday-Blitz-September-26-2023"]
[Site "Chess.com"]
[Date "2023.09.26"]
[Round "2"]
[White "FairChess_on_YouTube"]
[Black "lefonghua"]
[Result "1-0"]
[WhiteElo "3091"]
[BlackElo "2640"]
[TimeControl "180+1"]
[EndTime "14:18:50 PDT"]
[Termination "FairChess_on_YouTube won by resignation"]

1. Nf3 Nf6 2. c4 c5 3. Nc3 g6 4. g3 Bg7 5. Bg2 O-O 6. d4 d6 7.
O-O Nc6 8. e3 cxd4 9. Nxd4 Bd7 10. b3 Qa5 11. Bb2 Rfc8 12. Rc1 a6 13. Re1 Rab8 14.
a4 Qb4 15. h4 h5 16. Na2 Qa5 17. Bc3 Qd8 18. Qd2 Ng4 19. Nxc6 Bxc6 20. Bxg7 Kxg7 21. Nb4 Bxg2 22. Kxg2 Nf6 23. Qd4 Rc5 24. e4 a5 25.
Nd3 Rc6 26. e5 dxe5 27. Qxe5 Re6 28. Qc3 Rxe1 29. Rxe1 Kg8 30. Qe5 Rc8 31. Nf4 e6 32. Qb5 b6 33. Qe5 Ng4 34. Qg5 Kh7 35.
Re2 Nf6 36. Nh3 Rc5 37. Qe3 Ng4 38. Ng5+ Kg7 39. Qd2 Qf6 40. f3 Ne5 41. Qc3 Nc6 42. Qxf6+ Kxf6 43. Ne4+ Ke7 44. Nxc5 bxc5 45. Re3 Nd4 46.
g4 Kf6 47. Kg3 Ke7 48. Re5 Kd6 49. Re3 f6 50. gxh5 gxh5 51. Kf2 e5 52. Re1 Nxb3 53. Rb1 Nd2 54. Rb6+ Ke7 55. Rb5 Nxc4 56. Rxc5 Nb2 57. Rxa5 Kd6 58. Ra6+ Ke7 59. a5 f5 60. Rh6 Nd3+ 61.
Kf1 e4 62. fxe4 fxe4 63. a6 1-0

[Event "Late-Titled-Tuesday-Blitz-September-26-2023"]
[Site "Chess.com"]
[Date "2023.09.26"]
[Round "2"]
[White "Mykola-Bortnyk"]
[Black "sergeikim"]
[Result "1-0"]
[WhiteElo "2984"]
[BlackElo "2607"]
[TimeControl "180+1"]
[EndTime "14:18:52 PDT"]
[Termination "Mykola-Bortnyk won on time"]

1. e4 e5 2. Nf3 Nc6 3. Bb5 a6 4. Ba4 Nf6 5. Qe2 b5 6. Bb3 Bc5 7. O-O O-O 8. c3 d6 9. Rd1 Bg4 10. h3 Bh5 11. d3 h6 12. Nbd2 a5 13. a4 b4 14. g4 Bg6 15. Nf1 bxc3 16. bxc3 Rb8 17.
Bc4 d5 18. Bb5 Rb6 19. Bxc6 Rxc6 20. Nxe5 Re6 21. Nxg6 fxg6 22. Be3 Bd6 23. f4 dxe4 24. Qa2 Qd7 25. f5 gxf5 26. gxf5 Re8 27. fxe6 Rxe6 28. dxe4 Nxe4 29. Bf4 Nxc3 30. Qc4 Ne2+ 31. Kh1 Nxf4 32. Ra2 Kh8 33. Rf2 Rf6 34. Nh2 Qf5 35. Ng4 Re6 36. Rdf1 Re4 37. Qd3 h5 38. Nh2 Qd5 39. Qxd5 Nxd5 40.
Rf5 Nf6 41. R1f2 Rxa4 42. Re2 Kh7 43. Nf3 Ra3 44. Kg2 a4 45. Ra5 Kg6 46. Nh4+ Kf7 47.
Nf5 Ra1 48. Ra7 a3 49. Nxd6+ Kg6 50. Nb5 Rb1 51. Nxa3 Rb3 52. Nc4 Nd5 53. Ne5+ Kf5 54. Kf2 Nf4 55. Re1 Nxh3+ 56. Kg2 Nf4+ 57. Kg1 Rg3+ 58. Kf2 Rg2+ 59. Kf3 Rc2 60. Ra5 Rc3+ 61. Nd3+ 1-0

[Event "Late-Titled-Tuesday-Blitz-September-26-2023"]
[Site "Chess.com"]
[Date "2023.09.26"]
[Round "2"]
[White "Mops_2004"]
[Black "Bilan_Danila"]
[Result "1-0"]
[WhiteElo "2788"]
[BlackElo "2514"]
[TimeControl "180+1"]
[EndTime "14:18:53 PDT"]
[Termination "Mops_2004 won by resignation"]

1. g3 d5 2. Nf3 Nf6 3. Bg2 c5 4. O-O Nc6 5. d3 Bg4 6. h3 Bh5 7. c4 e6 8. g4 Bg6 9. Nh4 dxc4 10. Nxg6 hxg6 11. dxc4 Qc7 12. e3 Rd8 13. Qe2 Ne5 14.
Rd1 Rxd1+ 15. Qxd1 Bd6 16. Nc3 a6 17. g5 Nfd7 18.
Ne4 Be7 19. b3 O-O 20. Bb2 Rd8 21. Qc2 b6 22. Rd1 Nc6 23. a3 Nde5 24. f4 Rxd1+ 25. Qxd1 Nd7 26. h4 e5 27. Nc3 exf4 28. Nd5 Qd6 29. exf4 Bf8 30. Bc3 a5 31. h5 gxh5 32.
Qxh5 Nd4 33. Be4 g6 34. Qh3 Ne2+ 35. Kf2 Nxc3 36. Qxc3 Bg7 37. Qd3 Bd4+ 38. Kf3 Qe6 39. Kg3 Kg7 40. b4 axb4 41. axb4 Qd6 42. b5 Nf8 43. Nf6 Qe7 44. Ng4 Ne6 45. Bd5 Qd6 46. Qe4 Nxg5 47. Qe8 Ne6 48. Bxe6 Qxe6 49. Qxe6 fxe6 50.
Kf3 Kf7 51. Ke4 Ke7 52. Ne5 Bxe5 53. Kxe5 Kf7 54. Kd6 Kf6 55. Kc6 e5 56. fxe5+ Kxe5 57. Kxb6 g5 58. Kxc5 g4 59. b6 g3 60. b7 g2 61.
b8=Q+ Ke4 62. Qg8 Kf3 63. Qxg2+ Kxg2 64. Kd5 1-0

[Event "Late-Titled-Tuesday-Blitz-September-26-2023"]
[Site "Chess.com"]
[Date "2023.09.26"]
[Round "2"]
[White "Likvidator228"]
[Black "Flawless_Fighter"]
[Result "1-0"]
[WhiteElo "2538"]
[BlackElo "2785"]
[TimeControl "180+1"]
[EndTime "14:18:55 PDT"]
[Termination "Likvidator228 won by resignation"]

1. d4 Nf6 2. Bf4 d5 3. e3 c5 4. c3 Nc6 5. Nd2 e6 6. Ngf3 Bd6 7. Bg3 O-O 8. Bd3 b6 9. Ne5 Bb7 10. f4 Ne7 11. Qb1 Kh8 12. O-O c4 13. Bc2 b5 14.
Bh4 Neg8 15. e4 Qc7 16. exd5 Bxd5 17. Ne4 Nxe4 18. Bxe4 Qb7 19. Bxd5 Qxd5 20. Qe1 f6 21. Ng4 Qh5 22. Ne3 Rae8 23. g4 Qg6 24. Bg3 Qe4 25.
Qf2 Ne7 26. Rae1 Qb7 27. f5 Bxg3 28. Qxg3 Nd5 29. fxe6 Nxe3 30. Rxe3 Re7 31. Qd6 Rfe8 32. Rfe1 a5 33. a3 b4 34. axb4 axb4 35. cxb4 Qc8 36.
Qc5 Rc7 37. Qf5 Ree7 38. d5 Qd8 39. Rd1 Qd6 40. g5 h6 41. gxf6 gxf6 42. Qxf6+ Rg7+ 43. Rg3 Kh7 44. Qf5+ Kh8 45. Kg2 Rxg3+ 46. hxg3 Rg7 47. Qf3 Qe5 48. Rf1 Qxb2+ 49. Rf2 Qe5 50. Qf8+ Kh7 51. Qf5+ Qxf5 52. Rxf5 c3 53. Rf3 Rc7 54. Rf1 c2 55. Rc1 Kg6 56. d6 Rc6 57. d7 Rd6 58. Rxc2 Kf6 59. Re2 Ke7 60. b5 Rb6 61. Re5 Rb8 62. Rd5 Kd8 63. e7+ Kxe7 64. d8=Q+ Rxd8 65. Rxd8 Kxd8 66. Kh3 Kc7 67. Kh4 Kb6 68. Kh5 Kxb5 69. Kxh6 Kc6 70. g4 Kd7 71. Kh7 Ke8 72. g5 Kf7 73. g6+ Ke6 74.
g7 1-0

[Event "Late-Titled-Tuesday-Blitz-September-26-2023"]
[Site "Chess.com"]
[Date "2023.09.26"]
[Round "2"]
[White "jamengrand"]
[Black "Andrei_Skvortsov"]
[Result "0-1"]
[WhiteElo "2253"]
[BlackElo "2675"]
[TimeControl "180+1"]
[EndTime "14:18:56 PDT"]
[Termination "Andrei_Skvortsov won by resignation"]

1. e4 c5 2. Be2 Nf6 3. d3 d5 4. e5 Nfd7 5. f4 e6 6. Nf3 Nc6 7. c3 b6 8. a3 d4 9. cxd4 Nxd4 10. Nxd4 cxd4 11. Bf3 Ba6 12. O-O Rb8 13. b4 Bb7 14.
Nd2 Be7 15. Bb2 O-O 16. Rc1 b5 17. Nb3 Nb6 18. Nc5 Bxc5 19. bxc5 Bxf3 20. Qxf3 Na4 21.
Ba1 Nc3 22. Bxc3 dxc3 23. Qe4 Qa5 24. Qb4 Qc7 25. Rxc3 Rfd8 26. c6 Rd5 27. Qe4 g6 28. Rfc1 Rbd8 29. h3 Rd4 30. Qf3 a5 31. Kh1 Ra4 32. Qe3 Rdd4 33. f5 exf5 34. e6 fxe6 35. Qxe6+ Kg7 36. Re1 Rd8 37. Qe7+ Qxe7 38. Rxe7+ Kf6 39.
Rb7 b4 40. axb4 axb4 41. Rc4 Raa8 42. c7 Rdc8 43. Rcxb4 Ra3 44. Rc4 Ke6 45. Rb8 Kd7 46. Rxc8 Kxc8 47. d4 f4 48. Kh2 g5 49. d5 Rd3 50.
Rc5 h6 51. Kg1 Rd1+ 52. Kf2 Rd3 53. h4 g4 54. h5 Rd4 55. Ke2 Ra4 56. Ke1 Ra2 57. Kd1 f3 58. d6 Ra8 59. d7+ Kxd7 60. gxf3 g3 61. Ke1 Ra1+ 62. Ke2 Kc8 63. Rc6 g2 64. Rg6 g1=Q 65. Rxg1 Rxg1 66. Ke3 Rg5 67. Kf4 Kxc7 0-1

[Event "Late-Titled-Tuesday-Blitz-September-26-2023"]
[Site "Chess.com"]
[Date "2023.09.26"]
[Round "2"]
[White "Djager97"]
[Black "snowlord"]
[Result "1/2-1/2"]
[WhiteElo "2584"]
[BlackElo "2890"]
[TimeControl "180+1"]
[EndTime "14:19:01 PDT"]
[Termination "Game drawn - insufficient material"]

1. e4 e6 2. d4 d5 3. Nc3 dxe4 4. Nxe4 Nd7 5. Nf3 Ngf6 6. Bd3 Nxe4 7. Bxe4 c5 8. Be3 Nf6 9. Bd3 Qc7 10. Qe2 a6 11. O-O-O b5 12. dxc5 Bxc5 13. Bxc5 Qxc5 14. Ne5 Bb7 15. Rhe1 O-O 16. f4 Rad8 17. g3 b4 18.
Kb1 a5 19. Qe3 Qxe3 20. Rxe3 Ne4 21. Be2 Nc5 22. Rxd8 Rxd8 23. Kc1 g6 24. Nd3 Na4 25. Re5 Bd5 26. Kb1 f6 27. Re3 Kf7 28. Bf3 Nb6 29.
Bxd5 Rxd5 30. b3 Rh5 31. Re2 Nd5 32. Kb2 Nc3 33. Rd2 Rd5 34. a3 Rd4 35. axb4 axb4 36. Rg2 Nd1+ 37. Kc1 Nc3 38. Kd2 Nd5 39. Rg1 Ke7 40. Ra1 e5 41. fxe5 fxe5 42. Ra7+ Kf6 43. Ke2 e4 44. Nf4 Nxf4+ 45. gxf4 Kf5 46. Rf7+ Kg4 47.
Ke3 Rd1 48. Kxe4 Rd2 49. Rxh7 Rxc2 50. Rb7 Rxh2 51. Rxb4 Re2+ 52. Kd5 Rb2 53. Kc5 Kf5 54. Rb6 Kxf4 55. b4 g5 56. b5 g4 57. Rg6 g3 58. b6 g2 59. Kc6 Kf3 60. b7 Rxb7 61. Kxb7 Kf2 62. Rxg2+ Kxg2 1/2-1/2

[Event "Late-Titled-Tuesday-Blitz-September-26-2023"]
[Site "Chess.com"]
[Date "2023.09.26"]
[Round "2"]
[White "Iball95"]
[Black "IamSchrodingersCat"]
[Result "0-1"]
[WhiteElo "2755"]
[BlackElo "2528"]
[TimeControl "180+1"]
[EndTime "14:19:01 PDT"]
[Termination "IamSchrodingersCat won by checkmate"]

1. e4 c5 2. Nf3 d6 3. Nc3 Nf6 4.
d4 cxd4 5. Qxd4 Nc6 6. Bb5 Bd7 7. Bxc6 bxc6 8. e5 dxe5 9. Nxe5 Qb6 10. Qc4 Be6 11.
Qxc6+ Qxc6 12. Nxc6 Nd5 13. Nb5 Bd7 14. Nbd4 f6 15.
f4 e6 16. c4 Nb6 17. b3 Bc5 18. Be3 Bxc6 19. Nxc6 Bxe3 20. g3 Kf7 21. Ke2 Bc5 22. Rad1 Rhc8 23. Na5 Rd8 24. Nb7 Rxd1 25. Rxd1 Be7 26.
a4 Rb8 27. Na5 Rc8 28. Nb7 Ke8 29. a5 Nd7 30. Nd6+ Bxd6 31. Rxd6 Ke7 32. Ra6 Rc7 33.
b4 Rxc4 34. Rxa7 Rxb4 35. Kd3 Ra4 36. Kc3 Kd6 37. Kb3 Nc5+ 38. Kc3 Nd7 39. Kb3 Ra1 40. Kb2 Rh1 41. a6 Rxh2+ 42. Kb1 Rh1+ 43. Kb2 Rh2+ 44. Kb1 Rh3 45. g4 Ra3 46. Kb2 Ra5 47. Ra8 Kc7 48.
Ra7+ Kc6 49. Ra8 Nb6 50. Rg8 Rxa6 51. Rxg7 Ra4 52. g5 Rxf4 53. gxf6 Rxf6 54. Rxh7 Nd5 55.
Kc2 Kd6 56. Kd3 e5 57. Ke4 Ke6 58. Rh8 Rf4+ 59. Kd3 Nf6 60. Ra8 Kf5 61. Ke3 Nd5+ 62.
Kd3 Rd4+ 63. Ke2 Ke4 64. Ra3 Nf4+ 65. Kf2 Rd2+ 66. Ke1 Rb2 67. Ra4+ Ke3 68. Kf1 Rb1# 0-1

[Event "Late-Titled-Tuesday-Blitz-September-26-2023"]
[Site "Chess.com"]
[Date "2023.09.26"]
[Round "2"]
[White "wild3000"]
[Black "Sokoloco"]
[Result "1/2-1/2"]
[WhiteElo "2335"]
[BlackElo "2690"]
[TimeControl "180+1"]
[EndTime "14:19:03 PDT"]
[Termination "Game drawn by repetition"]

1. e4 d6 2. Nf3 g6 3. d4 Bg7 4.
g3 Nf6 5. Nc3 O-O 6. Bg2 Nc6 7.
O-O Bg4 8. Be3 e5 9. d5 Ne7 10. Qd3 Nh5 11. Nd2 Qd7 12. f3 Bh3 13. Qb5 c6 14.
dxc6 bxc6 15. Qd3 Bxg2 16. Kxg2 d5 17. Na4 f5 18. Nc5 Qc8 19. Bg5 Nf6 20. Rae1 h6 21. Bxf6 Bxf6 22. c3 Rb8 23. b4 a5 24. a3 axb4 25.
axb4 Ra8 26. Ra1 Rd8 27. exf5 Qxf5 28. Qxf5 gxf5 29. Ne6 Rdc8 30. Nb3 Kf7 31. Nec5 Ng6 32. Rxa8 Rxa8 33. Na5 Ke7 34. Nxc6+ Kd6 35. Na5 Nf8 36.
Ra1 Kc7 37. Rd1 d4 38. cxd4 exd4 39. Nab3 Rd8 40. Rd3 Kc6 41. f4 Kb5 42. h3 Kxb4 43. g4 Kc4 44. Rd1 d3 45. Nb7 Rd5 46.
N7a5+ Kb4 47. Kf3 Bd8 48. gxf5 Bxa5 49. Nxa5 Kxa5 50. Ke4 Rd7 51. Rxd3 Rxd3 52. Kxd3 Kb6 53.
Kd4 Nd7 54. Kd5 Kc7 55. Ke6 Kd8 56. Kf7 Nc5 57. Kg6 Ke7 58. f6+ Kf8 59. Kxh6 Kf7 60. Kg5 Ne6+ 61. Kf5 Nd4+ 62. Kg5 Ne6+ 63. Kf5 Nd4+ 64.
Ke5 Nf3+ 65. Kf5 Nd4+ 1/2-1/2

[Event "Late-Titled-Tuesday-Blitz-September-26-2023"]
[Site "Chess.com"]
[Date "2023.09.26"]
[Round "2"]
[White "LeninGuerra"]
[Black "Zhigalko_Sergei"]
[Result "0-1"]
[WhiteElo "2561"]
[BlackElo "2879"]
[TimeControl "180+1"]
[EndTime "14:19:04 PDT"]
[Termination "Zhigalko_Sergei won on time"]

1. e4 c5 2. Nf3 Nc6 3. d4 cxd4 4. Nxd4 Nf6 5. Nc3 e5 6. Ndb5 d6 7. Nd5 Nxd5 8. exd5 Nb8 9. c4 Be7 10. Be3 O-O 11.
Be2 Nd7 12. O-O a6 13. Nc3 f5 14. f4 Bf6 15. Rc1 exf4 16. Bxf4 Ne5 17. b3 Bd7 18. Kh1 Rc8 19. a4 Re8 20. Bd3 g6 21. Ne2 Ng4 22.
h3 Ne3 23. Bxe3 Rxe3 24. Nf4 Qb6 25. Bc2 Rce8 26. Rf3 Bg5 27. Rb1 Qb4 28. Ne6 Bxe6 29. dxe6 R3xe6 30. Qd5 Kg7 31. Rbf1 Re5 32. Qd3 Qc5 33.
g4 Re3 34. Qd5 Qxd5 35. cxd5 f4 36. h4 Rxf3 37. Rxf3 Bxh4 38. Rxf4 Re1+ 39. Kg2 Re2+ 40. Kh3 Bf6 41. Rc4 Kh6 42. Kg3 Be5+ 43. Kf3 Rd2 44. Be4 Rb2 45. Bc2 Kg5 46. Ke2 b5 47.
axb5 axb5 48. Rc6 Kxg4 49. Kd1 b4 50. Kc1 Ra2 51. Rc7 Ra1+ 52. Bb1 h5 53. Kc2 g5 54. Rf7 h4 55. Kc1 Bf4+ 56. Kb2 Ra5 57. Bf5+ Kg3 58.
Be6 h3 59. Kc2 h2 60. Rh7 Ra1 61. Rh3+ Kg2 0-1

[Event "Late-Titled-Tuesday-Blitz-September-26-2023"]
[Site "Chess.com"]
[Date "2023.09.26"]
[Round "2"]
[White "jup1978"]
[Black "Chempiblinka"]
[Result "1-0"]
[WhiteElo "2462"]
[BlackElo "2186"]
[TimeControl "180+1"]
[EndTime "14:19:08 PDT"]
[Termination "jup1978 won by checkmate"]

1. Nf3 Nf6 2. d4 g6 3. g3 Bg7 4. Bg2 O-O 5. O-O d6 6. b3 c5 7. Bb2 Nc6 8. dxc5 dxc5 9. Na3 Bf5 10. c4 Qa5 11. Nc2 Rad8 12. Qc1 Qc7 13. Ne3 Be4 14.
Rd1 b6 15. Bc3 Rxd1+ 16. Qxd1 Rd8 17. Qe1 Nd4 18. Rd1 e5 19. Ng5 Bxg2 20. Kxg2 Bh6 21. Nf3 Qc6 22. h3 Re8 23. Nd5 Nxd5 24. cxd5 Qxd5 25.
e4 Qb7 26. Bxd4 exd4 27. Qf1 Rxe4 28. Qd3 Re8 29. a3 Qd5 30. b4 Rc8 31. bxc5 bxc5 32. Qa6 Qc6 33. Re1 Bg7 34. Qc4 Qd6 35. Kg1 Rd8 36. Ng5 Qd5 37. Qxd5 Rxd5 38. Re8+ Bf8 39.
Ne4 d3 40. Nf6+ Kg7 41. Nxd5 c4 42. Ne3 c3 43. Rd8 c2 44. Nxc2 dxc2 45. Rc8 Bxa3 46. Rxc2 a5 47. Kf1 Bb4 48. Ke2 Kf6 49. Kd3 Ke5 50. f3 Kd5 51. Re2 Bc5 52. Re8 a4 53. Rh8 a3 54. Kc2 Kc4 55. Rxh7 f6 56. Rg7 Bd4 57.
Kb1 Kb3 58. Rb7+ Kc3 59. Ka2 Bc5 60. Rg7 g5 61. h4 Kc4 62. hxg5 fxg5 63. Rxg5 Bd4 64.
Rf5 Bb2 65. g4 Kd4 66. g5 Ke3 67. g6 Kf2 68. Rf7 Ke3 69. g7 Ke2 70. g8=Q Ke3 71. Qg6 Kd2 72. Qe6 Kc3 73. f4 Kb4 74. f5 Kc5 75.
Rd7 Kb5 76. Qe8 Kb4 77. Qc8 Bd4 78. Rb7+ Ka5 79. Qa8+ Ba7 80. Qxa7# 1-0

[Event "Late-Titled-Tuesday-Blitz-September-26-2023"]
[Site "Chess.com"]
[Date "2023.09.26"]
[Round "2"]
[White "ferrufino64"]
[Black "szachmistrz2500"]
[Result "1-0"]
[WhiteElo "2197"]
[BlackElo "2445"]
[TimeControl "180+1"]
[EndTime "14:19:14 PDT"]
[Termination "ferrufino64 won on time"]

1. e4 c5 2. Nf3 e6 3. g3 Nc6 4. Bg2 g6 5. c4 Bg7 6. Nc3 Nge7 7. d3 a6 8. Be3 Nd4 9. O-O Nec6 10. Rb1 b5 11.
Ne2 O-O 12. Nfxd4 cxd4 13. Bf4 bxc4 14. Bd6 cxd3 15. Qxd3 Re8 16. e5 a5 17. Bxc6 dxc6 18. Qxd4 Ba6 19. Rfe1 Bb7 20. Nc3 c5 21. Qxc5 Rc8 22.
Qe3 Rc4 23. b3 Rc6 24. Rbd1 Qc8 25. Ne4 Rc2 26. Rd2 Rxd2 27. Qxd2 Qc6 28. f3 Rd8 29. Qxa5 Ra8 30. Qd2 h5 31. h4 Qb6+ 32. Bc5 Qb5 33. Bd6 Bxe5 34. Bxe5 Qxe5 35. Kg2 Bxe4 36. Rxe4 Qa1 37.
Re2 Kg7 38. b4 Rc8 39. b5 Rc1 40. Qe3 Rb1 41. Qe5+ Qxe5 42. Rxe5 Rb2+ 43. Kh3 Rxa2 44. g4 hxg4+ 45. Kxg4 Ra4+ 46. Kg3 Rb4 47. Rc5 Kf6 48.
Kh3 e5 49. Kg3 Kf5 50. Kh3 f6 51. Kg3 Rb3 52. Kf2 Kf4 53. Rc4+ Kf5 54. Rc5 Rb4 55. Kg3 Rb1 56. Kf2 Ke6 57. Rc6+ Kf5 58. b6 Rb4 59.
Kg3 Rb3 60. Kf2 Rb2+ 61. Kg3 Rb1 62. Kf2 g5 63. h5 g4 64. fxg4+ Kxg4 65. h6 Rb2+ 66.
Ke3 f5 67. h7 Rh2 68. b7 Rh3+ 69. Kd2 Rxh7 70. b8=Q 1-0

[Event "Late-Titled-Tuesday-Blitz-September-26-2023"]
[Site "Chess.com"]
[Date "2023.09.26"]
[Round "2"]
[White "carloseduar100"]
[Black "Herman-NY"]
[Result "0-1"]
[WhiteElo "2323"]
[BlackElo "2507"]
[TimeControl "180+1"]
[EndTime "14:19:15 PDT"]
[Termination "Herman-NY won by checkmate"]

1. e4 c5 2. Nf3 Nc6 3. Nc3 e6 4. d4 cxd4 5. Nxd4 a6 6. Nxc6 bxc6 7. g3 d5 8. Bg2 Nf6 9. O-O Bc5 10. exd5 cxd5 11.
Bg5 O-O 12. a3 h6 13. Bf4 Bb7 14. b4 Ba7 15. Qd2 Rc8 16. Rad1 Re8 17. Rfe1 Ng4 18. Re2 g5 19. Be5 Nxe5 20. Rxe5 Qf6 21. Rde1 Bxf2+ 22. Qxf2 Qxf2+ 23. Kxf2 Rxc3 24. R1e2 Rec8 25. h4 g4 26. R5e3 Rxc2 27. Bf1 d4 28. Rxc2 dxe3+ 29. Kxe3 Rxc2 30. Kf4 h5 31. Kg5 Rc3 32. Kxh5 Rxg3 33. a4 Ra3 34. Kxg4 Rxa4 35. Kg5 Rxb4 36. h5 Be4 37. Bxa6 Bh7 38. Be2 Rb2 39. Bf3 Rf2 40.
Bc6 Kg7 41. h6+ Kf8 42. Ba8 Ke7 43. Bb7 Rf5+ 44. Kg4 Rc5 45. Ba8 Kf6 46. Kh4 Kg6 47. Be4+ Kxh6 48. Ba8 Bg6 49. Kg3 Rc4 50. Kf2 Rb4 51.
Bc6 Rb3 52. Be4 Ra3 53. Bb7 f5 54. Bc8 e5 55. Be6 Kg5 56. Bg8 Kf4 57. Bf7 e4 58. Bxg6 Ra2+ 59. Ke1 Ke3 60. Kf1 f4 61. Bh5 f3 62. Kg1 Rg2+ 63. Kh1 Rg5 64. Be8 Kf2 65. Kh2 Rg8 66. Bh5 e3 67. Kh3 e2 68. Bxf3 Kxf3 69.
Kh2 Rg7 70. Kh3 Rh7# 0-1

[Event "Late-Titled-Tuesday-Blitz-September-26-2023"]
[Site "Chess.com"]
[Date "2023.09.26"]
[Round "2"]
[White "kacprekt"]
[Black "fks_stal_mielec"]
[Result "1/2-1/2"]
[WhiteElo "2488"]
[BlackElo "2305"]
[TimeControl "180+1"]
[EndTime "14:19:15 PDT"]
[Termination "Game drawn - insufficient material"]

1. Nf3 Nf6 2. c4 c5 3. g3 Nc6 4. Bg2 g6 5. d4 cxd4 6. Nxd4 Nxd4 7. Qxd4 d6 8. O-O Bg7 9. Nc3 O-O 10. Qd3 Qa5 11.
Rd1 Qh5 12. Nd5 Nxd5 13. cxd5 Bd7 14. Qb3 Qxe2 15. Be3 Qb5 16. Qxb5 Bxb5 17. Rac1 Rfc8 18. Rxc8+ Rxc8 19. Bxa7 Bxb2 20. Bh3 Rc1 21. Rxc1 Bxc1 22. Bc8 Ba6 23. Bb6 Ba3 24. Kg2 Bc5 25. Bxc5 dxc5 26. Kf3 Kg7 27. Ke4 f6 28. a4 Kf7 29. a5 Ke8 30. Be6 Bf1 31. Bc8 Bg2+ 32. f3 f5+ 33. Ke3 Kd8 34. Bxb7 Bf1 35. Bc6 Kc7 36. h4 e6 37. Ba8 e5 38. Bc6 Kd6 39. Bb7 Kc7 40.
a6 Bb5 41. d6+ Kb6 42. Bc8 Bc6 43. d7 Kc7 44. a7 Ba8 45. Ke2 Kd8 46. g4 fxg4 47. fxg4 h6 48. g5 hxg5 49. hxg5 Kc7 50. Kd3 Bd5 51. Kc3 Kd8 52. Kd2 Kc7 53. Ke3 Kd8 54. Kd3 Kc7 55. Kc3 Kd8 56. Kb2 Kc7 57. Ka3 Kd8 58. Ka4 e4 59. Ba6 Kxd7 60. Bc4 Ba8 61.
Kb5 Kd6 62. Bf7 e3 63. Bc4 Ke5 64. Kxc5 Kf4 65. Kd4 Kxg5 66. Kxe3 Kf6 67. Kf4 Ke7 68. Kg5 Kd6 69. Kxg6 Kc7 70. Bd3 Kb6 71. Bf5 Kxa7 1/2-1/2

[Event "Late-Titled-Tuesday-Blitz-September-26-2023"]
[Site "Chess.com"]
[Date "2023.09.26"]
[Round "2"]
[White "GianmarcoVaR"]
[Black "Beca95"]
[Result "0-1"]
[WhiteElo "2593"]
[BlackElo "2936"]
[TimeControl "180+1"]
[EndTime "14:19:18 PDT"]
[Termination "Beca95 won by checkmate"]

1. e4 c5 2. Nf3 e6 3. c3 d5 4. e5 d4 5. g3 Ne7 6. Bg2 Nbc6 7. O-O Nd5 8. Re1 Be7 9. Na3 b6 10. cxd4 cxd4 11. Nb5 O-O 12. Nbxd4 Nxd4 13. Nxd4 Bb7 14. Nb3 a5 15. d4 a4 16. Nd2 Bb4 17.
a3 Ba5 18. Re2 Bxd2 19. Bxd2 Qd7 20. Rc1 Rfc8 21. Be1 Ne7 22. Rxc8+ Rxc8 23. Bxb7 Qxb7 24. Qxa4 Qc7 25. Bc3 Nd5 26. Rc2 h6 27. h3 Qb7 28.
Bd2 Ra8 29. Qc6 Qa6 30. Qc4 Qb7 31. a4 Qd7 32. b3 Qe7 33. Qc6 Rd8 34. a5 bxa5 35.
Bxa5 Rb8 36. Qd6 Qb7 37. b4 Ra8 38. Qc6 Qa7 39. Qc5 Qa6 40. Qc4 Qa7 41. Qc5 Qb8 42.
Kh2 h5 43. Qc4 Qa7 44. Qe2 h4 45. Rc5 hxg3+ 46. Kxg3 Qe7 47. h4 Qd7 48. Qb5 Qe7 49. Qe2 g6 50. Qg4 Kh7 51. Qg5 Qd7 52. h5 Rg8 53. h6 Qa4 54. Rxd5 exd5 55. Qe7 Qe8 56.
Qxe8 Rxe8 57. Bc7 Rc8 58. Bd6 Rc3+ 59. f3 Kxh6 60. b5 Rb3 61. Kg4 Rxb5 62. Bf8+ Kh7 63.
Kg5 Rb3 64. f4 Rf3 65. Bd6 Kg7 66. Kg4 Rf1 67. Bc5 f5+ 68. Kg3 Kf7 69. Bb6 Ke6 70. Bc5 Rg1+ 71. Kf2 Rg4 72. Kf3 g5 73. fxg5 Rxg5 74.
Kf4 Rg4+ 75. Kf3 Re4 76. Bb6 f4 77. Bc5 Kf5 78. Kf2 Kg4 79. Bb6 f3 80. Kf1 Kg3 81. Bc7 f2 82. e6+ Kf3 83. Bf4 Re1# 0-1